 Dungeon Crawl Stone Soup version 0.26.1-11-gd32895ea62 (webtiles) character file.

Game seed: 2355576190242132214

53 Almogavar the Skirmisher (level 3, -1/33 HPs)
             Began as a Hill Orc Fighter on Apr 28, 2021.
             Blown up by Ijyb (25 damage)
             ... with a disintegration bolt
             ... on level 3 of the Dungeon.
             The game lasted 00:03:21 (1538 turns).

Almogavar the Skirmisher (Hill Orc Fighter)         Turns: 1538, Time: 00:03:22

Health: -1/33      AC: 10    Str: 19    XL:     3   Next: 87%
Magic:  3/3        EV:  5    Int:  8    God:
Gold:   126        SH:  9    Dex: 10    Spells: 2/2 levels left

rFire    . . .     SeeInvis .   a - +0 war axe
rCold    . . .     Faith    .   c - +0 kite shield
rNeg     . . .     Spirit   .   k - +0 chain mail
rPois    .         Reflect  .   (no helmet)
rElec    .         Harm     .   (no cloak)
rCorr    .         Rampage  .   (no gloves)
Will     .....                  m - +0 pair of boots
Stlth    ..........             (no amulet)
HPRegen  0.11/turn              (no ring)
MPRegen  0.08/turn              (no ring)

@: no status effects
A: no striking features
a: no special abilities


You were on level 3 of the Dungeon.
You visited 1 branch of the dungeon, and saw 3 of its levels.

You collected 126 gold pieces.

Inventory:

Hand Weapons
 a - a +0 war axe (weapon)
Missiles
 b - 4 atropa-tipped darts
 f - 15 poisoned darts (quivered)
 l - 2 throwing nets
Armour
 c - a +0 kite shield (worn)
 e - a +0 plate armour
 k - a +0 chain mail (worn)
 m - a +0 pair of boots (worn)
Scrolls
 g - a scroll of amnesia
 h - 3 scrolls of remove curse
 j - a scroll of teleportation
Potions
 d - a potion of might
 i - a potion of curing


   Skills:
 + Level 4.3 Fighting
 + Level 3.6 Axes
 + Level 3.8 Armour
 + Level 3.6 Shields


You had 2 spell levels left.
You didn't know any spells.
Your spell library was empty.

Dungeon Overview and Level Annotations

Branches:
Dungeon (3/15)

Altars:

Annotations:
D:3 Ijyb


Message History

You hit the bat.
You kill the bat!
Found a scroll of identify.
Ijyb the Twisted Goblin comes into view.
She is carrying a wand of disintegration (5).
Ijyb shouts!
A giant cockroach comes into view.
Ijyb zaps a wand.
You are blasted!
Unknown command.
Throw: 17 darts (poison)
Press: ? - help, Q - select action, (/) - cycle Shift-Dir - straight line, f - Ijyb
Aim: Ijyb, wearing a +0 leather armour and carrying a wand of disintegration (4) (50% to hit)
You throw a poisoned dart. The poisoned dart hits Ijyb.
Unknown command.
Throw: 16 darts (poison)
Press: ? - help, Q - select action, (/) - cycle Shift-Dir - straight line, f/p - Ijyb
Aim: Ijyb, wearing a +0 leather armour and carrying a wand of disintegration (4) (47% to hit)
You throw a poisoned dart. The poisoned dart hits Ijyb.
Ijyb is poisoned.
Ijyb zaps a wand.
You are blasted!
Ouch! That really hurt!
You die...

... #. ...... ....##.# ......
....#..##...B. #.........g#
#.## #..........# #...
#....##........?.# #..#
....##..........# #..#
...........@....# #..# ##
#......#.#.###### #..#
##..##..........########..###
.. ......#.................##
##.###..†......#######.....[.#
...#.....##.##.# ###†.#....#
.##.....##.. #.# #..######
......†..#.# #.# #..#
.#...)...#.# #.# #..#


You could see Ijyb (poisoned) and a giant cockroach.

Vanquished Creatures
  An ooze (D:3)
  A worm (D:3)
  A dart slug (D:2)
  3 leopard geckos
  5 bats
  5 giant cockroaches
  2 goblins
  7 hobgoblins
  2 ball pythons
  4 frilled lizards
  3 kobolds
  5 rats
39 creatures vanquished.

Notes
Turn   | Place    | Note
-------+----------+-------------------------------------------
     0 | D:1      | Almogavar the Hill Orc Fighter began the quest for the Orb.
     0 | D:1      | Reached XP level 1. HP: 19/19 MP: 1/1
   314 | D:1      | Reached XP level 2. HP: 27/27 MP: 2/2
   493 | D:1      | Reached skill level 4 in Fighting
   964 | D:2      | Reached XP level 3. HP: 30/33 MP: 3/3
  1535 | D:3      | Noticed Ijyb
  1538 | D:3      | Blown up by Ijyb

Illustrated notes

Levels and vault maps discovered:
D:1:      dpeg_arrival_rooms_c, layout_basic, chequers_serial_rivers_small_3,
          minivault_19
D:2:      layout_rooms
D:3:      layout_rooms, gup_sewer_entry_pipe, gammafunk_ghost_grave,
          nicolae_ru_path_of_blood, uniq_sigmund, uniq_ijyb, uniq_terence

Skill      XL: |  1  2 |
---------------+-------+-----
Fighting       | 4 |  4.3
Axes           | 3 |  3.6
Armour         | |  3.8
Shields        | |  3.6

Action                   || total
-------------------------++-------
Melee: War axe           ||    85
Throw: Dart              ||     2
  Use: Scroll            ||     4
Armor: Scale mail        ||    31
       Chain mail        ||    15
Dodge: Dodged            ||    26
Block: Kite shield       ||    47
